 Dungeon Crawl Stone Soup version 0.21.1-1-g345015f (webtiles) character file.

24 letownia2 the Insei (level 3, 0/26 HPs)
             Began as a Merfolk Transmuter on Mar 19, 2018.
             Slain by a hobgoblin (4 damage)
             ... on level 1 of the Dungeon.
             The game lasted 00:02:03 (313 turns).

letownia2 the Insei (Merfolk Transmuter)             Turns: 313, Time: 00:02:03

Health: 0/26       AC:  2    Str: 11    XL:     3   Next: 2%
Magic:  4/6        EV: 13    Int: 12    God:
Gold:   41         SH:  0    Dex: 14    Spells: 3/6 levels left

rFire    . . .     SeeInvis .     - Unarmed
rCold    . . .     Gourm    .   (no shield)
rNeg     . . .     Faith    .   b - +0 robe
rPois    .         Spirit   .   (no helmet)
rElec    .         Reflect  .   (no cloak)
rCorr    .         Harm     .   (no gloves)
MR       .....                  (no boots)
Stlth    +.........             (no amulet)
HPRegen  0.08/turn              (no ring)
MPRegen  0.10/turn              (no ring)

@: appendage
A: change form in water, swift swim, stealthy swim, horns 2
a: End Transformation


You were on level 1 of the Dungeon.
You were not hungry.
You had grown temporary horns.
You visited 1 branch of the dungeon, and saw 2 of its levels.

You collected 41 gold pieces.

Inventory:

Missiles
 a - 10 arrows
Armour
 b - a +0 robe (worn)
Wands
 g - a wand of acid (6)
Potions
 e - a potion of berserk rage {unknown}
 f - a potion of brilliance {unknown}
Books
 c - a book of Changes

   Spells                             Type                      Level
   a - Beastly Appendage              Transmutation                1
   b - Sticks to Snakes               Transmutation                2
   c - Spider Form                    Transmutation/Poison         3
   d - Ice Form                       Ice/Transmutation            4
   e - Blade Hands                    Transmutation                5
Comestibles
 d - a ration


   Skills:
 + Level 1.1 Fighting
 + Level 2.9 Dodging
 + Level 3.8 Unarmed Combat
 + Level 2.3 Spellcasting
 + Level 3.2 Transmutations


You had 3 spell levels left.
You knew the following spells:

 Your Spells              Type           Power        Failure   Level  Hunger
a - Beastly Appendage     Tmut           #.....       7%          1    ##.....
l - Sticks to Snakes      Tmut           #.......     11%         2    ###....


Dungeon Overview and Level Annotations

Branches:
Dungeon (2/15)

Altars:

Annotations:
D:2 Terence


Innate Abilities, Weirdness & Mutations

You revert to your normal form in water.
You are very nimble and swift while swimming.
You are very stealthy in the water. (Stealth+)
You have a pair of horns on your head.


Message History

You kill the jackal!
The jackal barely misses you.
You hit the jackal.
You kill the jackal!
You have reached level 3!
Your experience leads to an increase in your attributes!
Increase (S)trength, (I)ntelligence, or (D)exterity?
You feel stronger.
Unknown command.
You hit the hobgoblin.
The hobgoblin is severely wounded.
The hobgoblin barely misses you.
You closely miss the hobgoblin.
You headbutt the hobgoblin, but do no damage.
The hobgoblin is severely wounded.
The hobgoblin barely misses you.
You closely miss the hobgoblin.
The hobgoblin is severely wounded.
The hobgoblin hits you.
You die...

################.........#P#P#P#P
#...†....................
#.###....................
###.###.##.................
#######.......##........†#P#P#P#P
........#................########
.................#+####...
..........######)# #....
>......##.# #@# ......
.......##.# #g# ....###
.......##+# #h# ....# ...........
#K# ............ #.........
............ #......K..
........#+## #....h.... .########
#.....h... . ##+#......


You could see a jackal, a hobgoblin and a kobold.

Vanquished Creatures
  An adder (D:2)
  A dart slug (D:1)
  A bat (D:1)
  A goblin (D:1)
  A hobgoblin (D:2)
  2 jackals (D:1)
  2 kobolds
  A quokka (D:2)
  2 rats (D:1)
12 creatures vanquished.

Notes
Turn   | Place    | Note
-------+----------+-------------------------------------------
     0 | D:1      | letownia2 the Merfolk Transmuter began the quest for the Orb.
     0 | D:1      | Reached XP level 1. HP: 15/15 MP: 3/3
   153 | D:2      | Reached XP level 2. HP: 9/21 MP: 3/5
   180 | D:2      | Learned a level 2 spell: Sticks to Snakes
   191 | D:2      | Noticed Terence
   310 | D:1      | Reached XP level 3. HP: 3/26 MP: 4/6
   313 | D:1      | Slain by a hobgoblin

Skill      XL: |  1 |
---------------+----+-----
Transmutations | 3 |  3.2
Fighting       | |  1.1
Dodging        | |  2.9
Unarmed Combat | |  3.8
Spellcasting   | |  2.3

Action                   || total
-------------------------++-------
Melee: Unarmed           ||    40
       Headbutt          ||     5
       Punch             ||     1
 Cast: Beastly Appendage ||     8
       Sticks to Snakes  ||     2
Evoke: Wand              ||     1
Armor: Robe              ||     6
Dodge: Dodged            ||    30
